 Dungeon Crawl Stone Soup version 0.17.1-3-g152610e (webtiles) character file.

261 Zhenya25pyc the Skirmisher (level 6, 0/40 HPs)
             Began as a Gargoyle Fighter on Apr 7, 2016.
             Killed by divine providence
             ... invoked by an orc priest
              (15 damage)
             ... on level 4 of the Dungeon.
             The game lasted 00:08:45 (2273 turns).

Zhenya25pyc the Skirmisher (Gargoyle Fighter)       Turns: 2273, Time: 00:08:45

Health: 0/40       AC: 11    Str: 21    XL:     6   Next: 18%
Magic:  6/6        EV:  7    Int:  9    God:
Gold:   128        SH: 10    Dex:  9    Spells: 0 memorised, 5 levels left

rFire  . . .     SeeInvis .     a - +1 flail
rCold  . . .     Clarity  .     b - +0 scale mail
rNeg   + . .     SustAt   .     c - +1 shield
rPois  ∞         Gourm    .     (no helmet)
rElec  +         Spirit   .     (no cloak)
rCorr  .         Warding  .     (no gloves)
rMut   .         Rnd*Tele +     (no boots)
MR     +....                    (no amulet)
Stlth  ..........               v - ring of teleportation (curse)
                                k - ring of protection from magic

@: somewhat resistant to hostile enchantments, extremely unstealthy
A: negative energy resistance 1, electricity resistance, unbreathing,
petrification resistance, rot immunity, AC +4
a: Evoke Teleportation


You were on level 4 of the Dungeon.
You were not hungry.

You visited 1 branch of the dungeon, and saw 4 of its levels.

You collected 128 gold pieces.

Inventory:

Hand Weapons
 a - a +1 flail (weapon)
Armour
 b - a +0 scale mail (worn)
 c - a +1 shield (worn)
Jewellery
 k - a ring of protection from magic (left hand)
 o - an uncursed ring of stealth
 v - a cursed ring of teleportation (right hand)
Scrolls
 l - 4 scrolls of blinking
 n - a scroll of fear
 s - 3 scrolls of teleportation
 w - a scroll of enchant armour
 y - a scroll of random uselessness {unknown}
 z - a scroll of magic mapping
Potions
 d - a potion of might
 f - 4 potions of curing
 g - 3 potions of heal wounds {unknown}
 i - 2 potions of flight {unknown}
 j - a potion of mutation {unknown}
 m - a potion of cancellation {unknown}
 p - a potion of ambrosia {unknown}
 x - 2 potions of lignification {unknown}
Comestibles
 e - 4 bread rations
 h - 7 fruits
 q - a slice of pizza
 r - 2 meat rations
 t - a beef jerky
 u - a chunk of flesh


   Skills:
 + Level 4.9 Fighting
 * Level 4.4 Maces & Flails
 + Level 4.5 Armour
 - Level 3.3 Shields


You had 5 spell levels left.
You didn't know any spells.

Dungeon Overview and Level Annotations

Branches:
Dungeon (4/15)
 Temple: D:4-7

Altars:


Innate Abilities, Weirdness & Mutations

You are resistant to torment.
Your stone body is resilient (AC +4).
You are immune to poison.
You resist negative energy.
You are resistant to electric shocks.
You can survive without breathing.
You are immune to petrification.
You are immune to rotting.


Message History

The adder is heavily wounded.
The orc priest miscasts a cantrip.
The adder bites you but does no damage.
You miss the adder.
The adder is heavily wounded.
You block the adder's attack. The adder closely misses you.
You miss the adder.
The adder is heavily wounded.
The adder bites you but does no damage.
The orc priest miscasts a cantrip.
You block the adder's attack.
You barely miss the adder.
The adder is heavily wounded.
You block the adder's attack.
You hit the adder.
The adder is almost dead.
You block the adder's attack.
The orc priest calls down the wrath of Beogh upon you.
Something smites you!
You die...

##### . .... S. #≈≈
... #≈# ....
##########≈# .....
+.....@Sooo###≈.....
##########o≈≈≈≈$#
#..#...# ##o#...#
#o#.o.# #...$.#
#.....# #...o##
##...#


You could see an orc priest, an orc wizard, an adder and 2 orcs.

Vanquished Creatures
  An ogre (D:4)
  12 adders
  2 worms
  A giant gecko (D:3)
  3 orcs
  A ball python (D:1)
  A giant cockroach (D:3)
  7 goblins
  6 hobgoblins
  13 jackals
  2 quokkas (D:2)
  4 bats
  2 giant newts
  6 kobolds
  7 rats
68 creatures vanquished.

Notes
Turn   | Place    | Note
--------------------------------------------------------------
     0 | D:1      | Zhenya25pyc the Gargoyle Fighter began the quest for the Orb.
     0 | D:1      | Reached XP level 1. HP: 14/14 MP: 1/1
   258 | D:1      | Reached XP level 2. HP: 19/19 MP: 2/2
   827 | D:2      | Reached skill level 4 in Fighting
   833 | D:2      | Reached XP level 3. HP: 24/24 MP: 3/3
   883 | D:2      | Found a faded altar to an unknown god.
  1044 | D:2      | Reached XP level 4. HP: 11/30 MP: 4/4
  1780 | D:3      | Reached XP level 5. HP: 34/34 MP: 5/5
  2141 | D:4      | Noticed an ogre
  2144 | D:4      | Killed an ogre
  2144 | D:4      | Reached XP level 6. HP: 40/40 MP: 6/6
  2273 | D:4      | Killed from afar by an orc priest

Action                   |  1- 3 |  4- 6 || total
-------------------------+-------+-------++-------
Melee: Flail             |   139 |   149 ||   288
  Use: Scroll            |     8 |     1 ||     9
       Potion            |       |     2 ||     2
  Eat: Chunk             |     1 |     4 ||     5
